 Dungeon Crawl Stone Soup version 0.23.2-40-g277498a001 (webtiles) character file.

Game seed: 9467464832535613820

52303 MalarOregon the Thaumaturge (level 14, -3/126 HPs)
             Began as a Purple Draconian Conjurer on Oct 12, 2019.
             Was an Initiate of Gozag.
             Slain by a dire elephant (9 damage)
             ... on level 6 of the Lair of Beasts.
             The game lasted 00:59:05 (24495 turns).

MalarOregon the Thaumaturge (DrCj)                 Turns: 24495, Time: 00:59:06

Health: -3/126     AC: 13    Str: 11    XL:     14   Next: 26%
Magic:  3/30       EV: 19    Int: 23    God:    Gozag
Gold:   3159       SH:  5    Dex: 15    Spells: 28/37 levels left

rFire    . . .     SeeInvis .   X - +10 short sword of Bile {pierce, rElec Int+3}
rCold    + . .     Gourm    .   O - +0 buckler
rNeg     . . .     Faith    .   (armour unavailable)
rPois    .         Spirit   .   (helmet restricted)
rElec    +         Reflect  .   C - +2 cloak {MR+}
rCorr    .         Harm     .   N - +0 pair of gloves
MR       +++..                  J - +0 pair of boots
Stlth    ++........             B - amulet of regeneration
HPRegen  0.71/turn              o - ring of protection from cold
MPRegen  0.22/turn              h - +3 ring of dexterity

@: no status effects
A: breathe power, unfitting armour, cold-blooded, AC +8
a: Breathe Dispelling Energy, Potion Petition, Call Merchant, Bribe Branch,
Renounce Religion


You were on level 6 of the Lair of Beasts.
You worshipped Gozag.
Gozag was most pleased with you.
You were not hungry.

You visited 2 branches of the dungeon, and saw 17 of its levels.
You also visited: Ossuary and Volcano.

You collected 5599 gold pieces.
You spent 1822 gold pieces at shops.
You paid 618 gold pieces to Gozag.

Inventory:

Hand Weapons
 j - a +0 dagger of venom
   (You found it on level 3 of the Dungeon)
 F - a +1 long sword
   (You took it off a human on level 8 of the Dungeon)
 M - the +7 short sword of the Eternal Warrior {pierce, +Rage rPois rC+ Dex+2 Stlth+}
   (You bought it in a shop on level 10 of the Dungeon)

   It inflicts extra damage upon your enemies.
   It affects your dexterity (+2).
   It protects you from cold.
   It protects you from poison.
   It lets you go berserk.
   It makes you more stealthy.
 X - the +10 short sword of Bile (weapon) {pierce, rElec Int+3}
   (You acquired it on level 5 of the Lair of Beasts)

   It inflicts extra damage upon your enemies.
   It affects your intelligence (+3).
   It insulates you from electricity.
Armour
 C - a +2 cloak of magic resistance (worn)
   (You took it off Crazy Yiuf on level 7 of the Dungeon)
 J - a +0 pair of boots (worn)
   (You found it on level 7 of the Dungeon)
 N - a +0 pair of gloves (worn)
   (You found it on level 3 of the Lair of Beasts)
 O - a +0 buckler (worn)
   (You found it on level 11 of the Dungeon)
Jewellery
 f - an uncursed ring of flight
   (You found it on level 1 of the Dungeon)
 h - a +3 ring of dexterity (right hand)
   (You found it on level 1 of the Dungeon)
 i - an uncursed ring of protection from fire
   (You found it on level 10 of the Dungeon)
 k - a cursed amulet of rage {unknown}
   (You found it on level 3 of the Lair of Beasts)
 o - a ring of protection from cold (left hand)
   (You took it off a centaur on level 11 of the Dungeon)
 B - an amulet of regeneration (around neck)
   (You found it on level 3 of the Dungeon)
 S - an uncursed amulet of the acrobat
   (You found it on level 2 of the Lair of Beasts)
 T - an uncursed ring of ice
   (You found it on level 2 of the Lair of Beasts)
 Z - a cursed ring of teleportation {unknown}
   (You found it on level 6 of the Lair of Beasts)
Wands
 t - a wand of flame (67)
   (You took it off Eustachio on level 5 of the Dungeon)
 u - a wand of paralysis (12)
   (You found it on level 11 of the Dungeon)
 v - a wand of digging (5)
   (You found it on level 2 of the Lair of Beasts)
 x - a wand of acid (7)
   (You took it off an orc wizard on level 8 of the Dungeon)
 z - a wand of polymorph (8)
   (You found it on level 3 of the Lair of Beasts)
 Y - a wand of scattershot (8)
   (You found it on level 5 of the Lair of Beasts)
Scrolls
 b - 5 scrolls of teleportation {@r4}
 c - a scroll of enchant armour
 g - 9 scrolls of remove curse {@r2}
 l - 4 scrolls of amnesia
 n - a scroll of fog
 q - a scroll of summoning
 y - 3 scrolls of identify {@r1}
 D - 4 scrolls of blinking
 H - 2 scrolls of holy word
 I - 3 scrolls of magic mapping
 K - 3 scrolls of enchant weapon
 R - a scroll of vulnerability {!r}
 V - a scroll of fear
 W - a scroll of immolation {!r}
Potions
 a - a potion of magic
 d - 7 potions of mutation {!q}
 m - 3 potions of cancellation
 p - 4 potions of haste {@q3}
 r - 3 potions of curing {@q1}
 s - 5 potions of lignification {!q}
 A - 5 potions of brilliance
 E - 8 potions of flight
 G - 2 potions of berserk rage
 P - 2 potions of heal wounds {@q2}
 Q - a potion of might
 U - 2 potions of resistance
Miscellaneous
 L - a phial of floods
   (You found it on level 10 of the Dungeon)
Comestibles
 e - 13 rations {!d}


   Skills:
 * Level 12.1 Fighting
 - Level 10.0 Short Blades
 + Level 9.8 Dodging
 - Level 1.7 Stealth
 - Level 4.0 Shields
 * Level 12.3 Spellcasting
 + Level 11.2 Conjurations
 * Level 8.7 Evocations


You had 28 spell levels left.
You knew the following spells:

 Your Spells              Type           Power        Failure   Level  Hunger
a - Magic Dart            Conj           ####         1%          1    None
x - Iskenderun's Mystic   Conj           ######..     1%          4    None
z - Fulminant Prism       Conj/Hex       #####.....   4%          4    None

Your spell library contained the following spells:

 Spells                   Type           Power        Failure   Level  Hunger
 Searing Ray              Conj           ######       1%          2    None
 Dazzling Spray           Conj/Hex       #####.       1%          3    None
 Animate Skeleton         Necr           N/A          4%          1    None
 Beastly Appendage        Tmut           ##....       4%          1    None
 Confusing Touch          Hex            ##....       4%          1    None
 Force Lance              Conj/Tloc      #####...     4%          4    None
 Sticks to Snakes         Tmut           ##......     7%          2    None
 Bolt of Draining         Conj/Necr      #####.....   12%         5    ###....
 Confuse                  Hex            ##......     14%         3    None
 Gell's Gravitas          Tloc           ##........   14%         3    None
 Spider Form              Tmut/Pois      ##........   14%         3    None
 Ice Form                 Ice/Tmut       ##......     41%         4    None
 Petrify                  Tmut/Erth      ##......     41%         4    None
 Summon Lightning Spire   Summ/Air       ##......     41%         4    None
 Agony                    Necr           ##......     77%         5    ###....
 Blade Hands              Tmut           ##........   77%         5    ###....
 Excruciating Wounds      Chrm/Necr      ##........   77%         5    ###....
 Metabolic Englaciation   Hex/Ice        ##........   77%         5    ###....
 Yara's Violent Unravell  Hex/Tmut       ##........   77%         5    ###....


Dungeon Overview and Level Annotations

Branches:
Dungeon (11/15)            Temple (0/1) D:7            Lair (6/6) D:11
 Shoals (0/4) Lair:3        Snake (0/4) Lair:2        Slime (0/5) Lair:5
    Orc (0/2) D:11

Altars:
Ashenzari
Fedhas
Gozag
Hepliaklqana
Kikubaaqudgha
Makhleb
Nemelex Xobeh
Okawaru
Qazlal
Uskayaw
Xom
Yredelemnul
The Shining One
Jiyva

Shops:
D:4 *   D:10 *   D:11 %}

Annotations:
D:11 1 runed translucent door, Gastronok; PureImprov's ghost, journeyman HOFi; Urug


Innate Abilities, Weirdness & Mutations

You can breathe bolts of dispelling energy.
Your rich purple scales are hard. (AC +8)
You cannot fit into any form of body armour.
You are cold-blooded and may be slowed by cold attacks.


Message History

The orb of energy hits the death yak!!
The death yak bellows!
The orb of energy explodes!
Aim: a dire elephant (lightly wounded)
The orb of energy hits the dire elephant!
You see here 25 gold pieces.
Aim: a dire elephant (moderately wounded)
The orb of energy hits the death yak.
The orb of energy explodes!
The mystic blast hits the rime drake!!
You kill the rime drake!
The mystic blast hits the dire elephant!
The death yak gores you!
Aim: a dire elephant (moderately wounded)
The orb of energy hits the death yak!!
The orb of energy explodes!
The mystic blast hits the plant!
You block the death yak's attack.
The death yak becomes distracted by your gold, dreaming of imaginary riches.
The death yak is no longer distracted by gold.
Aim: a dire elephant (moderately wounded)
The orb of energy hits the dire elephant!
The death yak bellows!
The dire elephant tramples you!!
You stumble backwards!
Aim: a dire elephant (moderately wounded)
The orb of energy hits the dire elephant!
The dire elephant tramples you!
You stumble backwards!
Aim: a dire elephant (heavily wounded)
The orb of energy hits the dire elephant but does no damage.
The dire elephant tramples you!!
You stumble backwards!
You hit the dire elephant. The dire elephant tramples you!!
* * * LOW HITPOINT WARNING * * *
You stumble backwards!
Unknown command.
The dire elephant tramples you.
* * * LOW HITPOINT WARNING * * *
You stumble backwards!
Unknown command.
Aim: a death yak (heavily wounded)
The bolt of acid hits the dire elephant!!
The dire elephant is splashed with acid.
The acid corrodes the dire elephant!
The dire elephant tramples you!!
* * * LOW HITPOINT WARNING * * *
You stumble backwards!
Aim: a death yak (heavily wounded)
The bolt of acid hits the dire elephant!
The dire elephant is splashed with acid.
The bolt of acid hits the death yak!!
The death yak is splashed with acid.
The dire elephant tramples you!
* * * LOW HITPOINT WARNING * * *
You hold your ground!
The dire elephant trunk-slaps you!
You die...
Your body crumbles into a pile of gold.

...................###...#...#.#P
....................########....P
.........#P...........######.....
##.#..#..##P.#...................
#.#####.########.................
.## ### #................(. ##
###................
##...Y............
#@Y<..............
##................
#................
##...........##..
#............#...
##..........P##..
#............#...
#...........#....
#################


You could see a dire elephant and a death yak.

Vanquished Creatures
  Rupert (Lair:5)
  An ice dragon (Lair:6)
  6 hydras
  A death yak (Lair:6)
  2 two-headed ogres
  A spriggan (Lair:1)
  Nergalle (D:11)
  2 skeletal warriors (Volcano)
  2 lindwurms
  An anaconda skeleton (Volcano)
  Pikel (D:7)
  2 oklob plants (Lair:5)
  11 elephants
  A manticore (D:11)
  An ice statue (Lair:6)
  Psyche (D:11)
  6 black mambas
  9 spiny frogs
  5 rime drakes
  3 gargoyles (Volcano)
  2 freezing wraiths (D:10)
  4 komodo dragons
  2 trolls
  7 polar bears
  Grinder (D:5)
  A hornet (Lair:1)
  9 blink frogs
  3 flying skulls (Volcano)
  7 hippogriffs
  A shadow (D:10)
  A wraith (D:11)
  An alligator skeleton (Volcano)
  Eustachio (D:5)
  A wyvern (Lair:5)
  28 yaks
  6 basilisks
  2 humans (D:8)
  A steam dragon (D:7)
  A hungry ghost (D:10)
  Edmund (D:5)
  2 nagas (Lair:2)
  2 wargs (Lair:6)
  2 hell hounds (Lair:4)
  Duvessa (D:7)
  9 water moccasins
  A two-headed ogre zombie (D:11)
  7 porcupines
  5 orc warriors
  3 black bears
  3 sky beasts
  5 ogres
  2 phantoms
  7 ice beasts
  2 necrophages
  9 centaurs
  43 wolves
  13 crocodiles
  Blork the orc (D:5)
  13 bullfrogs
  7 scorpions
  3 troll zombies (D:11)
  11 killer bees
  2 howler monkeys
  2 troll skeletons (Volcano)
  2 crimson imps
  2 bullfrog zombies (D:5)
  A quasit (D:11)
  6 jellies
  2 centaur skeletons
  4 hounds
  9 orc priests
  Crazy Yiuf (D:7)
  A bullfrog skeleton (D:10)
  A gnoll shaman (D:7)
  3 iguanas
  9 orc wizards
  6 worker ants
  4 ogre zombies (D:11)
  A naga skeleton (Volcano)
  A hound zombie (D:8)
  2 hound skeletons
  8 mummies (Ossuary)
  A worker ant zombie (D:8)
  5 gnolls
  23 adders
  A shadow imp (D:11)
  2 white imps (Lair:6)
  An ooze (D:3)
  4 adder skeletons
  2 worms
  A dart slug (D:1)
  2 leopard geckos
  49 orcs
  A ball python (D:3)
  6 giant cockroaches
  10 goblins
  3 hobgoblins
  18 jackals
  6 quokkas
  7 bats
  4 frilled lizards
  2 gnoll zombies (Ossuary)
  2 goblin skeletons (D:11)
  5 goblin zombies (D:11)
  A hobgoblin skeleton (D:11)
  3 hobgoblin zombies (Ossuary)
  7 kobolds
  2 leopard gecko skeletons
  A leopard gecko zombie (D:7)
  An orc skeleton (D:11)
  14 orc zombies
  A quokka skeleton (D:6)
  3 rats
  A butterfly (Lair:3)
  3 fungi
  5 plants
553 creatures vanquished.

Vanquished Creatures (collateral kills)
  A skeletal warrior (D:11)
  A blink frog (Lair:6)
  2 yaks (Lair:6)
4 creatures vanquished.

Vanquished Creatures (others)
  3 slaves (D:7)
  Dowan (D:7)
  A giant cockroach (D:7)
  21 fulminant prisms
  3 fungi
  14 plants
  2 withered plants (D:11)
45 creatures vanquished.

Grand Total: 602 creatures vanquished

Notes
Turn   | Place    | Note
-------+----------+-------------------------------------------
     0 | D:1      | MalarOregon the Draconian Conjurer began the quest for the
                  | Orb.
     0 | D:1      | Reached XP level 1. HP: 14/14 MP: 3/3
   105 | D:1      | Reached XP level 2. HP: 7/22 MP: 0/5
   107 | D:1      | Reached skill level 1 in Fighting
   626 | D:1      | Found a shimmering altar of Xom.
   873 | D:2      | Reached XP level 3. HP: 24/28 MP: 0/6
   955 | D:2      | Found a hide-covered altar of Uskayaw.
  1339 | D:2      | Reached skill level 1 in Short Blades
  1339 | D:2      | Reached XP level 4. HP: 36/36 MP: 2/7
  1391 | D:2      | Learned a level 4 spell: Iskenderun's Mystic Blast
  1483 | D:2      | Found a glowing golden altar of the Shining One.
  2517 | D:3      | Reached XP level 5. HP: 41/41 MP: 5/9
  2710 | D:4      | Found an opulent altar of Gozag.
  2779 | D:4      | Became a worshipper of Gozag Ym Sagoz the Greedy
  2820 | D:4      | Noticed a phantom
  2862 | D:4      | HP: 2/42 [phantom (7)]
  2881 | D:4      | Killed a phantom
  2978 | D:4      | Found a stormy altar of Qazlal.
  3007 | D:4      | Reached XP level 6. HP: 50/50 MP: 3/10
  3129 | D:4      | Found a sand-covered staircase.
  3135 | Ossuary  | Entered an ossuary
  3304 | Ossuary  | Reached skill level 5 in Conjurations
  4056 | D:4      | Found Iguf's General Store.
  4071 | D:4      | Your scales start taking on a rich purple colour.
  4071 | D:4      | Reached XP level 7. HP: 31/57 MP: 3/13
  4189 | D:4      | Bought a scroll of remove curse for 30 gold pieces
  4189 | D:4      | Bought a sack of spiders for 200 gold pieces
  4189 | D:4      | Bought a ration for 50 gold pieces
  4189 | D:4      | Bought a potion of heal wounds for 50 gold pieces
  4220 | D:4      | You fall through a shaft for 3 floors!
  4246 | D:7      | Noticed a hippogriff
  4379 | D:7      | Noticed Pikel
  4381 | D:7      | Noticed a steam dragon
  4394 | D:7      | Killed a steam dragon
  4406 | D:7      | Killed Pikel
  4406 | D:7      | Reached skill level 5 in Spellcasting
  4406 | D:7      | Reached XP level 8. HP: 20/67 MP: 2/16
  4420 | D:7      | Noticed Duvessa
  4425 | D:7      | Killed Dowan
  4432 | D:7      | Killed Duvessa
  4697 | D:7      | Killed a hippogriff
  4697 | D:7      | Reached skill level 5 in Fighting
  5040 | D:7      | Found a shattered altar of Ashenzari.
  5073 | D:7      | Found a staircase to the Ecumenical Temple.
  5344 | D:7      | Noticed a four-headed hydra
  5392 | D:6      | Reached skill level 5 in Dodging
  5531 | D:7      | Reached XP level 9. HP: 45/75 MP: 18/18
  5541 | D:7      | Reached skill level 5 in Short Blades
  5806 | D:6      | Found an ancient bone altar of Kikubaaqudgha.
  6002 | D:5      | Entered Level 5 of the Dungeon
  6144 | D:5      | Noticed Edmund
  6144 | D:5      | Noticed Blork the orc
  6188 | D:5      | Killed Blork the orc
  6320 | D:5      | Killed Edmund
  6908 | D:5      | Noticed Grinder
  6926 | D:5      | Killed Grinder
  7221 | D:5      | Found a basalt altar of Yredelemnul.
  7221 | D:5      | Noticed Eustachio
  7238 | D:5      | Killed Eustachio
  7594 | D:4      | Found a burning altar of Makhleb.
  7968 | D:7      | Found a runed translucent door.
  7969 | D:7      | Noticed Crazy Yiuf
  8190 | D:7      | Killed Crazy Yiuf
  8190 | D:7      | Reached skill level 1 in Evocations
  8485 | D:8      | Noticed a two-headed ogre
  8524 | D:8      | Killed a two-headed ogre
  8524 | D:8      | Reached XP level 10. HP: 38/86 MP: 8/21
  9103 | D:8      | Found an iron altar of Okawaru.
  9729 | D:9      | Found a hazy altar of Hepliaklqana.
 10551 | D:9      | Found a sparkling altar of Nemelex Xobeh.
 10854 | D:7      | Killed a four-headed hydra
 10854 | D:7      | Reached XP level 11. HP: 34/94 MP: 1/23
 11180 | D:10     | Entered Level 10 of the Dungeon
 11293 | D:10     | Noticed a two-headed ogre
 11304 | D:10     | Killed a two-headed ogre
 11821 | D:10     | Found Xofo's Assorted Antiques.
 11824 | D:10     | Bought a scroll of teleportation for 93 gold pieces
 11824 | D:10     | Bought a scroll labeled DYMOGH EGOEGOK for 31 gold pieces
 11824 | D:10     | Bought a scroll labeled GEOKHL VI HAE for 31 gold pieces
 11824 | D:10     | Bought an ichor-stained short sword for 248 gold pieces
 11824 | D:10     | Bought 2 potions of mutation for 496 gold pieces
 11824 | D:10     | Bought a potion of flight for 93 gold pieces
 12451 | D:4      | Bought a ration for 50 gold pieces
 12728 | D:10     | Identified the +7 short sword of the Eternal Warrior
                  | {pierce, +Rage rPois rC+ Dex+2 Stlth+} (You bought it in a
                  | shop on level 10 of the Dungeon)
 12817 | D:11     | Found Haghelusepp's Gadget Shop.
 12850 | D:11     | Noticed Psyche
 12863 | D:11     | Killed Psyche
 12929 | D:11     | Noticed Nergalle
 12972 | D:11     | Killed Nergalle
 12972 | D:11     | Reached skill level 5 in Evocations
 13030 | D:11     | Bought a ration for 50 gold pieces
 13030 | D:11     | Bought a ration for 50 gold pieces
 13030 | D:11     | Bought a ration for 50 gold pieces
 13030 | D:11     | Bought a ration for 50 gold pieces
 13030 | D:11     | Bought a ration for 50 gold pieces
 13030 | D:11     | Bought a ration for 50 gold pieces
 13030 | D:11     | Bought a ration for 50 gold pieces
 13030 | D:11     | Bought a ration for 50 gold pieces
 13030 | D:11     | Bought a ration for 50 gold pieces
 13058 | D:11     | Found a staircase to the Orcish Mines.
 13133 | D:11     | Noticed Urug
 13292 | D:11     | Found a runed translucent door.
 13305 | D:11     | Noticed PureImprov's ghost (journeyman HOFi)
 13495 | D:11     | Noticed a four-headed hydra
 13730 | D:10     | Killed a four-headed hydra
 13817 | D:11     | Noticed a death knight
 14260 | D:11     | Noticed Gastronok
 14265 | D:11     | Noticed a skeletal warrior
 14417 | D:11     | Killed a skeletal warrior
 15006 | D:11     | Found a staircase to the Lair.
 15143 | Lair:1   | Entered Level 1 of the Lair of Beasts
 15177 | Lair:1   | Reached XP level 12. HP: 83/104 MP: 4/25
 15432 | Lair:1   | Reached skill level 1 in Shields
 15432 | Lair:1   | Reached skill level 10 in Spellcasting
 16061 | Lair:1   | Reached skill level 10 in Conjurations
 16341 | Lair:1   | Reached skill level 10 in Fighting
 16809 | Lair:2   | Noticed a five-headed hydra
 16817 | Lair:1   | Killed a five-headed hydra
 16961 | Lair:2   | Found a staircase to the Snake Pit.
 17804 | Lair:2   | Found a blossoming altar of Fedhas.
 17926 | Lair:2   | Reached XP level 13. HP: 85/114 MP: 2/27
 19003 | Lair:3   | Found a staircase to the Shoals.
 19696 | Lair:4   | Found a dark tunnel.
 19787 | Volcano  | Entered a volcano
 20814 | Volcano  | Identified the Incunabulum of Sinister Flight
 21689 | Lair:5   | Noticed Rupert
 21882 | Lair:5   | Learned a level 4 spell: Fulminant Prism
 22304 | Lair:5   | Reached skill level 10 in Short Blades
 22720 | Lair:5   | Found a staircase to the Slime Pits.
 22720 | Lair:5   | Found a viscous altar of Jiyva.
 22826 | Lair:5   | Killed Rupert
 23094 | Lair:5   | Identified a scroll of acquirement
 23096 | Lair:5   | Got a smoking short sword
 23097 | Lair:5   | Identified the +10 short sword of Bile {pierce, rElec
                  | Int+3} (You acquired it on level 5 of the Lair of Beasts)
 23145 | Lair:6   | Entered Level 6 of the Lair of Beasts
 23401 | Lair:6   | Reached XP level 14. HP: 102/125 MP: 10/29
 24495 | Lair:6   | HP: 6/126 [dire elephant (10)]
 24495 | Lair:6   | Slain by a dire elephant

Skill      XL: |  1  2  3  4  5  6  7  8  9 10 11 12 13 14 |
---------------+-------------------------------------------+-----
Dodging        | 2 3 4 5 6 7 8 9 |  9.8
Fighting       | 1 2 3 4 5 7 8 9 10 11 12 | 12.1
Short Blades   | 1 2 4 6 7 8 9 10 | 10.0
Spellcasting   | 3 4 5 6 7 8 9 10 11 12 | 12.3
Conjurations   | 5 6 7 8 9 10 11 | 11.2
Evocations     | 2 4 6 8 |  8.7
Shields        | 3 4 |  4.0
Stealth        | |  1.7

Action                   |  1- 3 |  4- 6 |  7- 9 | 10-12 | 13-15 || total
-------------------------+-------+-------+-------+-------+-------++-------
Melee: Dagger            |    71 |   241 |   463 |   415 |       ||  1190
       Unarmed           |     5 |       |       |       |       ||     5
       Tailslap          |     4 |    38 |    70 |   111 |    67 ||   290
       Short sword       |       |       |       |   433 |   464 ||   897
 Cast: Magic Dart        |    39 |    49 |    12 |    36 |    18 ||   154
       Iskenderun's Myst |       |    11 |    65 |   241 |   167 ||   484
       Fulminant Prism   |       |       |       |       |    21 ||    21
Invok: Call Merchant     |       |       |       |     1 |       ||     1
Evoke: Sack of spiders   |       |       |     2 |     3 |     4 ||     9
       Wand              |       |       |       |    21 |     9 ||    30
       Phial of floods   |       |       |       |     1 |     1 ||     2
  Use: Potion            |       |     4 |     1 |     2 |     2 ||     9
       Scroll            |       |     9 |     2 |    10 |    12 ||    33
 Stab: Sleeping          |     2 |     2 |     5 |     4 |     4 ||    17
       Distracted        |       |       |     2 |    10 |     4 ||    16
  Eat: Chunk             |     2 |     6 |     2 |       |       ||    10
       Ration            |       |     3 |     5 |    15 |     7 ||    30
Armor: Skin              |    19 |    59 |    80 |   220 |    90 ||   468
Dodge: Dodged            |    44 |   169 |   314 |   669 |   348 ||  1544
Block: Buckler           |       |       |       |    49 |   108 ||   157
